 Dungeon Crawl Stone Soup version 0.28.0-53-g5a82cb258f (webtiles) character file.

Game seed: 6580164735597610166

142 Gabide the Skirmisher (level 5, -2/42 HPs)
             Began as a Mummy Monk on June 3, 2022.
             Slain by a goblin
             ... wielding a +0 dagger
             ... led by Robin
              (4 damage)
             ... on level 2 of the Dungeon.
             The game lasted 00:03:19 (3587 turns).

Gabide the Skirmisher (Mummy Monk)                  Turns: 3587, Time: 00:03:19

Health: -2/42      AC:  3    Str: 14    XL:     5   Next: 4%
Magic:  5/5        EV: 13    Int: 10    God:
Gold:   14         SH:  0    Dex: 16    Spells: 4/4 levels left

rFire   . . .      SeeInvis .     - Unarmed
rCold   + . .      Faith    .   (no shield)
rNeg    + + +      Spirit   .   e - +0 leather armour {rF+}
rPois   ∞          Reflect  .   (no helmet)
rElec   .          Harm     .   (no cloak)
rCorr   .          Rampage  .   (no gloves)
Will    .....                   (no boots)
Stlth   ++........              (no amulet)
HPRegen 0.14/turn               (no ring)
MPRegen 0.09/turn               (no ring)

@: no status effects
A: cold resistance 1, negative energy resistance 3, torment resistance 2, heat
vulnerability 1, no potions
a: no special abilities


You were on level 2 of the Dungeon.
You visited 1 branch of the dungeon, and saw 2 of its levels.

You collected 14 gold pieces.

Inventory:

Missiles
 i - 11 stones (quivered)
Armour
 a - a +0 robe
 c - a +0 ring mail
 e - a +0 leather armour of fire resistance (worn)
Jewellery
 k - a ring of fire
Scrolls
 b - a scroll of teleportation
 d - 3 scrolls of identify
 f - a scroll of noise
 g - a scroll of brand weapon
 h - a scroll of fog
 j - a scroll of enchant weapon {unknown}


   Skills:
 + Level 4.1 Fighting
 + Level 3.3 Dodging
 - Level 1.5 Stealth
 + Level 3.3 Unarmed Combat


You had 4 spell levels left.
You didn't know any spells.
Your spell library was empty.

Dungeon Overview and Level Annotations

Branches:
Dungeon (2/15)

Altars:

Annotations:
D:2 Robin


Innate Abilities, Weirdness & Mutations

You are immune to poison.
Your flesh is cold resistant. (rC+)
You are immune to negative energy. (rN+++)
You are immune to unholy pain and torment.
You are vulnerable to heat. (rF-)
You do not drink.


Message History

Robin throws the goblin at you!
The goblin splashes around in the water.
A frilled lizard comes into view.
The goblin no longer looks unusually strong.
You see here a ring of fire.
k - a ring of fire The goblin no longer looks unusually strong.
The goblin hits you with a +0 dagger.
Found a club.
The goblin no longer looks unusually strong.
The goblin hits you but does no damage.
The goblin no longer looks unusually strong. x2
Robin throws the goblin at you!
You closely miss the goblin.
The goblin no longer looks unusually strong. x2
The goblin hits you with a +0 club. The goblin barely misses you.
Robin throws the goblin at you!
You closely miss the goblin. Your punch misses the goblin.
The goblin hits you but does no damage. The goblin closely misses you. x2
The goblin hits you with a +0 club. The goblin hits you with a +0 dagger.
* * * LOW HITPOINT WARNING * * *
You barely miss the goblin.
The goblin no longer looks unusually strong.
The goblin barely misses you. The goblin closely misses you.
The goblin hits you with a +0 club.
* * * LOW HITPOINT WARNING * * *
The goblin misses you. The goblin hits you but does no damage.
The frilled lizard hisses angrily.
The goblin barely misses you. x2; The goblin hits you with a +0 club.
* * * LOW HITPOINT WARNING * * *
Robin roars a battlecry!
The goblins go into a battle-frenzy!
The goblin hits you with a +0 dagger.
* * * LOW HITPOINT WARNING * * *
You hit the frilled lizard.
You kill the frilled lizard!
The goblin hits you but does no damage. The goblin hits you with a +0 club.
* * * LOW HITPOINT WARNING * * *
The goblin hits you with a +0 dagger.
You die...

##≈♣P≈≈♣≈≈♣≈.#.####g....
# ##♣♣♣♣♣♣♣♣..#.#.. ...
# ♣.......# . #
#..gg...# #####
#.......# #....
#gg.....## #.###
###ggg...... #.#..
#..ggg...... #.#.#
#.#g@....#.# #.#.#
#.#####.## #.#.# # )#
###)#.# # #.....#
#.#.#.. #.#.#.# #...#.#
#####.# #.#


You could see Robin and 10 goblins.

Vanquished Creatures
  Natasha (twice) (D:2)
  3 gnolls (D:2)
  An adder (D:2)
  A worm (D:2)
  2 dart slugs
  3 bats
  5 endoplasms
  9 goblins
  2 hobgoblins
  5 jackals (D:2)
  2 quokkas
  3 ball pythons
  6 frilled lizards
  2 kobolds (D:2)
  8 rats
54 creatures vanquished.

Vanquished Creatures (others)
  10 plants (D:2)
10 creatures vanquished.

Grand Total: 64 creatures vanquished

Notes
Turn   | Place    | Note
-------+----------+-------------------------------------------
     0 | D:1      | Gabide the Mummy Monk began the quest for the Orb.
     0 | D:1      | Reached XP level 1. HP: 18/18 MP: 1/1
   734 | D:1      | Reached XP level 2. HP: 21/24 MP: 2/2
  1664 | D:2      | Noticed Natasha
  1673 | D:2      | Killed Natasha
  1674 | D:2      | Reached XP level 3. HP: 16/29 MP: 3/3
  2380 | D:2      | Reached XP level 4. HP: 17/37 MP: 4/4
  3219 | D:2      | Reached skill level 4 in Fighting
  3411 | D:2      | Noticed Natasha
  3427 | D:2      | Killed Natasha
  3486 | D:2      | Reached XP level 5. HP: 41/42 MP: 5/5
  3559 | D:2      | Noticed Robin
  3587 | D:2      | HP: 2/42 [goblin/+0 club[Robin] (4)]
  3587 | D:2      | Slain by a goblin

Illustrated notes

Levels and vault maps discovered:
D:1:      minmay_arrival_four_houses, layout_loops_corners
D:2:      layout_basic, minmay_fountain_box, serial_bayou_ford_a, st_stairs_7,
          minmay_pentomino_z2, uniq_robin, uniq_natasha

Skill      XL: |  1  2  3  4 |
---------------+-------------+-----
Dodging        | 3 |  3.3
Unarmed Combat | 3 |  3.3
Fighting       | 4 |  4.1
Stealth        | |  1.5

Action                   |  1- 3 |  4- 6 || total
-------------------------+-------+-------++-------
Melee: Unarmed           |   133 |   107 ||   240
       Punch             |     1 |     3 ||     4
Throw: Stone             |    28 |    21 ||    49
  Use: Scroll            |     4 |       ||     4
 Stab: Sleeping          |     6 |       ||     6
Armor: Ring mail         |    16 |       ||    16
       Leather armour    |    17 |    23 ||    40
       Robe              |     2 |       ||     2
Dodge: Dodged            |    67 |    73 ||   140
